 Dungeon Crawl Stone Soup version 0.27-a0-61-g21144fbd99 (webtiles) character file.

Game seed: 6858258046406063799

690 streetpizza the Conjurer (level 7, -7/53 HPs)
             Began as a Barachi Conjurer on Jan 8, 2021.
             Was a Follower of Vehumet.
             Mangled by christhawk's ghost (8 damage)
             ... on level 4 of the Dungeon.
             The game lasted 00:18:16 (3955 turns).

streetpizza the Conjurer (Barachi Conjurer)         Turns: 3955, Time: 00:18:17

Health: -7/53      AC:  6    Str:  8    XL:     7   Next: 63%
Magic:  7/14       EV: 13    Int: 27    God:    Vehumet [*.....]
Gold:   265        SH:  0    Dex: 10    Spells: 12/16 levels left

rFire    + . .     SeeInvis .   v - +0 trident
rCold    . . .     Faith    .   (no shield)
rNeg     . . .     Spirit   .   a - +0 robe
rPois    .         Reflect  .   q - +0 helmet
rElec    .         Harm     .   k - +0 cloak (curse)
rCorr    .         Rampage  .   p - +0 pair of gloves
Will     .....                  y - +0 pair of boots
Stlth    ++........             i - amulet of magic regeneration
HPRegen  0.17/turn              u - +6 ring of intelligence
MPRegen  0.39/turn              x - ring of protection from fire

@: slow
A: +LOS, swims, slowness 1, strong legs 1
a: Hop, Renounce Religion


You were on level 4 of the Dungeon.
You worshipped Vehumet.
Vehumet was aware of your devotion.
You visited 2 branches of the dungeon, and saw 5 of its levels.

You collected 265 gold pieces.

Inventory:

Hand Weapons
 f - a +0 dagger
 v - a +0 trident (weapon)
Missiles
 s - 8 poisoned darts (quivered)
Armour
 a - a +0 robe (worn)
 k - a cursed +0 cloak (worn)
 p - a +0 pair of gloves (worn)
 q - a +0 helmet (worn)
 y - a +0 pair of boots (worn)
Jewellery
 i - an amulet of magic regeneration (around neck)
 u - a +6 ring of intelligence (left hand)
 x - a ring of protection from fire (right hand)
 z - an uncursed ring of stealth {unknown}
Wands
 j - a wand of paralysis (6)
Scrolls
 c - a scroll of remove curse {unknown}
 d - 3 scrolls of teleportation {unknown}
 e - 4 scrolls of identify {unknown}
 m - a scroll of blinking {unknown}
 o - a scroll of enchant armour {unknown}
 w - a scroll of fog {unknown}
Potions
 b - 4 potions of attraction {unknown}
 g - 2 potions of resistance {unknown}
 h - 2 potions of haste {unknown}
 l - a potion of invisibility {unknown}
 n - a potion of ambrosia {unknown}
 r - 2 potions of magic {unknown}
 t - 2 potions of heal wounds
 A - a potion of might {unknown}
 B - a potion of degeneration {unknown}


   Skills:
 + Level 3.7 Fighting
 + Level 4.1 Dodging
 - Level 1.7 Stealth
 + Level 5.0 Spellcasting
 + Level 6.7 Conjurations
 + Level 0.3 Ice Magic


You had 12 spell levels left.
You knew the following spells:

 Your Spells              Type           Power        Failure   Level
a - Magic Dart            Conj           100%         1%          1
b - Searing Ray           Conj           86%          1%          2
c - Freeze                Ice            32%          6%          1

Your spell library contained the following spells:

 Spells                   Type           Power        Failure   Level
 Dazzling Flash           Conj/Hex       50%          5%          3
 Fulminant Prism          Conj/Hex       12%          19%         4
 Iskenderun's Mystic Bla  Conj/Tloc      25%          19%         4


Dungeon Overview and Level Annotations

Branches:
Dungeon (4/15)             Temple (1/1) D:4

Altars:
Dithmenos
Fedhas
Gozag
Hepliaklqana
Kikubaaqudgha
Okawaru
Qazlal
Sif Muna
Trog
Uskayaw
Vehumet
Wu Jian
Yredelemnul
Zin
The Shining One

Annotations:
D:4 christhawk's ghost, novice GrFi


Innate Abilities, Weirdness & Mutations

You can be seen from farther away. (+LOS)
You can swim through water.
You cover ground slowly.
You can hop short distances.


Message History

Confirm with . or Enter, or press ? or * to list all spells.
Aiming: Searing Ray (safe; 1% risk of failure)
Press: ? - help, Shift-Dir - straight line The searing ray hits christhawk's ghost but does no damage.
Christhawk's ghost is severely damaged. (Press . to maintain the ray.) Christhawk's ghost whispers, "The ORB doesn't exist."
Christhawk's ghost hits you!
* * * LOW HITPOINT WARNING * * *
x2 The searing ray misses christhawk's ghost.
Christhawk's ghost wails.
Christhawk's ghost hits you but does no damage.
The searing ray hits christhawk's ghost.
Christhawk's ghost is severely damaged.
Christhawk's ghost hits you.
* * * LOW HITPOINT WARNING * * *
x2 The searing ray hits christhawk's ghost.
Christhawk's ghost is severely damaged.
You finish channeling your searing ray.
Christhawk's ghost hits you!
You die...

#....### ###
#####..###..
##.........
#..###'''##
##.##Z......
#..#........
##.##.....Z..
#######..#...####..
#.@W....##..##$?###
#.####..#..# .....#
#.# #..#..# ..=.Z.
#.# ##..#..# .....
#.###...##..###.Z..
#.#......#..)..W5..
#.#......##...####.
#.........#####..##
###................


You could see christhawk's ghost.

Vanquished Creatures
  2 phantoms (D:4)
  An ogre (D:4)
  A howler monkey (D:4)
  A hound (D:4)
  3 orc wizards (D:4)
  A centaur skeleton (D:2)
  2 iguanas (D:4)
  2 worker ants (D:4)
  A hound skeleton (D:4)
  5 adders
  An ooze (D:1)
  An adder skeleton (D:4)
  4 dart slugs
  An adder simulacrum (D:4)
  16 orcs
  4 giant cockroaches
  6 goblins
  4 hobgoblins
  3 bats
  6 frilled lizards
  7 kobolds
  A leopard gecko skeleton (D:4)
  7 rats
80 creatures vanquished.

Notes
Turn   | Place    | Note
-------+----------+-------------------------------------------
     0 | D:1      | streetpizza the Barachi Conjurer began the quest for the
                  | Orb.
     0 | D:1      | Reached XP level 1. HP: 13/13 MP: 3/3
   250 | D:1      | Reached XP level 2. HP: 12/20 MP: 0/5
   253 | D:1      | Learned a level 2 spell: Searing Ray
   628 | D:1      | Reached skill level 1 in Fighting
   814 | D:1      | Reached XP level 3. HP: 26/26 MP: 2/6
  1217 | D:2      | Reached skill level 5 in Conjurations
  1356 | D:2      | Reached XP level 4. HP: 24/32 MP: 5/8
  1507 | D:2      | Found a hide-covered altar of Uskayaw.
  1614 | D:2      | Found an iron altar of Okawaru.
  2015 | D:2      | Found a shimmering blue altar of Sif Muna.
  2646 | D:4      | Reached XP level 5. HP: 37/38 MP: 3/10
  2761 | D:4      | Found a staircase to the Ecumenical Temple.
  2763 | D:4      | Noticed a phantom
  2770 | D:4      | Killed a phantom
  2771 | D:4      | Reached XP level 6. HP: 43/46 MP: 5/12
  2785 | Temple   | Entered the Ecumenical Temple
  2864 | Temple   | Became a worshipper of Vehumet
  2896 | D:4      | Found a bloodstained altar of Trog.
  2896 | D:4      | Found an ornate altar of the Wu Jian Council.
  2975 | D:4      | Noticed a phantom
  2982 | D:4      | Killed a phantom
  2983 | D:4      | Reached skill level 6 in Conjurations
  3135 | D:4      | Reached XP level 7. HP: 34/52 MP: 8/13
  3375 | D:4      | Found a runed translucent gate.
  3383 | D:4      | Found a runed translucent gate.
  3383 | D:4      | Found a runed translucent gate.
  3614 | D:4      | Reached skill level 5 in Spellcasting
  3724 | D:4      | Noticed christhawk's ghost (novice GrFi)
  3731 | D:4      | Reached * piety under Vehumet
  3731 | D:4      | Offered knowledge of Freeze by Vehumet.
  3736 | D:4      | Learned a level 1 spell: Freeze
  3954 | D:4      | HP: 1/53 [christhawk's ghost (2)]
  3955 | D:4      | Mangled by christhawk's ghost

Illustrated notes

Levels and vault maps discovered:
D:1:      tarquinn_simple_flora_water_a, layout_loops_ring, nrook_mini_vaults,
          nrook_loot_triangle
D:2:      layout_loops_ring, okawaru_gym_becter, overflow_temple_1_default,
          lemuel_blue_sif_altar
D:3:      layout_rooms
D:4:      layout_loops_corners, grunt_temple_overflow_open,
          minmay_temple_entry_tees, gammafunk_ghost_icy
Temple:   compressed_dpeg_circular_temple

Skill      XL: |  1  2  3  4  5  6  7 |
---------------+----------------------+-----
Fighting       | 1 2 3 |  3.7
Conjurations   | 5 6 |  6.7
Spellcasting   | 3 4 5 |  5.0
Dodging        | 3 4 |  4.1
Stealth        | |  1.7
Ice Magic      | |  0.3

Action                   |  1- 3 |  4- 6 |  7- 9 || total
-------------------------+-------+-------+-------++-------
Melee: Unarmed           |    10 |       |       ||    10
       Dagger            |     1 |     3 |       ||     4
       Trident           |       |     4 |       ||     4
 Cast: Magic Dart        |    40 |    56 |     7 ||   103
       Searing Ray       |     3 |    11 |    13 ||    27
Armor: Robe              |     2 |    10 |     1 ||    13
Dodge: Dodged            |     9 |    10 |     3 ||    22

Table legend: (Time is in decaauts)
 A = Elapsed time spent in this place.
 B = Non-inter-level travel time spent in this place.
 C = Inter-level travel time spent in this place.
 D = Time resting spent in this place.
 E = Time spent auto-exploring this place.
 F = Levels seen in this place.
 G = Mean time per level.
                   A        B        C        D        E       F      G
               +--------+--------+--------+--------+--------+-----+--------+
         Total |   4410 |   4358 |     52 |    121 |   3644 |   5 |  882.0 |
       Dungeon |   4297 |   4261 |     36 |    121 |   3559 |   4 | 1074.2 |
        Temple |    112 |     96 |     16 |      0 |     84 |   1 |  112.0 |
               +--------+--------+--------+--------+--------+-----+--------+

Top non-repeatable levels by time:
     D:4: 1391 daAuts
     D:1: 1324 daAuts
     D:2: 981 daAuts
     D:3: 601 daAuts
  Temple: 112 daAuts
